 Dungeon Crawl Stone Soup version 0.31-a0-198-g2ad674f65e (webtiles) character file.

Game seed: 4652344029978803816

108 qw the Skirmisher (level 4, -4/25 HPs)
             Began as a Deep Elf Hunter on June 25, 2023.
             Killed by nerve-wracking pain
             ... invoked by Grinder
              (10 damage)
             ... on level 2 of the Dungeon.
             The game lasted 00:00:47 (1494 turns).

qw the Skirmisher (Deep Elf Hunter)                 Turns: 1494, Time: 00:00:47

Health: -4/25      AC:  7    Str: 10    XL:     4   Next: 58%
Magic:  6/6        EV: 11    Int: 14    God:
Gold:   153        SH:  0    Dex: 18    Spells: 3/3 levels left

rFire   . . .        Y - +0 shortbow
rCold   . . .        (shield currently unavailable)
rNeg    . . .        d - +0 ring mail
rPois   .            (no helmet)
rElec   .            i - +0 cloak
rCorr   .            a - +0 pair of gloves
SInv    .            (no boots)
Will    .....        (no amulet)
Stlth   +            (no ring)
HPRegen 0.24/turn    (no ring)
MPRegen 0.10/turn

%: no passive effects
@: no status effects
A: no striking features
a: no special abilities


You were on level 2 of the Dungeon.
You visited 1 branch of the dungeon, and saw 3 of its levels.

You collected 153 gold pieces.


   Skills:
 - Level 1.5 Fighting
 + Level 8.0 Ranged Weapons
 - Level 2.4 Dodging
 - Level 1.2 Stealth


You had 3 spell levels left.
You didn't know any spells.
Your spell library was empty.

Inventory:

Hand Weapons
 Y - a +0 shortbow (weapon)
Armour
 a - a +0 pair of gloves (worn)
 d - a +0 ring mail (worn)
 i - a +0 cloak (worn)
Scrolls
 g - a scroll of identify
Potions
 c - a potion of heal wounds {unknown}

Dungeon Overview and Level Annotations

Branches:
Dungeon (3/15)

Altars:

Annotations:
D:2 Grinder


Message History

You shoot an arrow. The arrow hits Grinder.
Grinder is moderately wounded.
You shoot an arrow. The arrow hits Grinder!
Grinder is heavily wounded.
Grinder barely misses you.
You shoot an arrow. The arrow barely misses Grinder.
You hear a shout!
Grinder barely misses you.
You hear a shout!
You shoot an arrow. The arrow barely misses Grinder.
Grinder closely misses you.
You shoot an arrow.
The arrow hits Grinder but does no damage.
Grinder is heavily wounded.
Grinder barely misses you. Grinder hits you.
You writhe in agony.
1490 ||| STAIRDANCE Grinder closely misses you.
You climb upwards.
There is a stone staircase leading down here.
Enter note:
Enter note:
Enter note:
Enter note:
Enter note:
Enter note:
Enter note:
Enter note:
Enter note: You shoot an arrow.
The arrow hits Grinder.
Grinder is severely wounded.
Grinder hits you but does no damage.
You shoot an arrow. The arrow hits Grinder.
Grinder is severely wounded.
Grinder hits you.
You writhe in agony.
You shoot an arrow.
The arrow hits Grinder but does no damage.
Grinder is severely wounded.
Grinder gestures at you. Pain shoots through your body!
You die...

# ########.~..##.#..##......#
#######........~..##.....#..###..
.#.......###.#.~..####...........
#..####..###.##~#.####..##..###..
..............#~#...........(....
#..####..##..##~##########....>..
...####.....<######### ##%####.
#..............###...# #...# #.
#.####...:......@5...# #...# ##
..###..........###...### #...# #
#.##...................###...####
..#..........#.#.#..##...........
#.#..........#..###.......[......
#.#....PPPPP.#.## ##.#...........
#.##...P$$$P.#..###.##.###...####
.......P$$$P.....#.....# #...# #
#.#..#.P$$$P.......##### #...# #


You could see Grinder.

Vanquished Creatures
  Terence (D:2)
  3 adders (D:2)
  A worm (D:2)
  2 dart slugs
  5 ball pythons
  5 bats
  5 endoplasms (D:1)
  4 giant cockroaches
  3 goblins
  6 hobgoblins
  7 kobolds
  2 quokkas (D:1)
  4 frilled lizards
  3 rats (D:1)
51 creatures vanquished.

Notes
Turn   | Place    | Note
-------+----------+-------------------------------------------
     0 | D:1      | qw the Deep Elf Hunter began the quest for the Orb.
     0 | D:1      | Reached XP level 1. HP: 12/12 MP: 3/3
     0 | D:1      | 0 ||| qw: Version: 0.3-a-22-g0ed2b0b
     0 | D:1      | 0 ||| qw: Game counter: 5461
     0 | D:1      | 0 ||| qw: Melee chars always use a shield: true
     0 | D:1      | 0 ||| qw: God list: Okawaru
     0 | D:1      | 0 ||| qw: Allow faded altars: false
     0 | D:1      | 0 ||| qw: Do Orc after clearing Dungeon:15 true
     0 | D:1      | 0 ||| qw: Do second Lair branch before Depths: true
     0 | D:1      | 0 ||| qw: Lair rune preference: random
     0 | D:1      | 0 ||| qw: Goals: Normal
     0 | D:1      | 0 ||| PLANNING D:1-11
    88 | D:1      | HP: 2/12 [hobgoblin (3)]
   173 | D:1      | Reached XP level 2. HP: 16/16 MP: 4/4
   177 | D:1      | Reached skill level 6 in Ranged Weapons
   184 | D:1      | You fall into a shaft and drop 1 floor!
   218 | D:2      | Reached XP level 3. HP: 20/20 MP: 5/5
   239 | D:2      | 239 ||| UPGRADING to +0 ring mail.
   249 | D:2      | 249 ||| DROPPING +0 leather armour.
   250 | D:2      | 250 ||| READING scroll labelled GEL ZAYMIDIB.
   251 | D:2      | 251 ||| READING scroll labelled JOYDORHYSU.
   252 | D:2      | 252 ||| DROPPING scroll of butterflies.
   423 | D:1      | Reached skill level 7 in Ranged Weapons
   690 | D:1      | 690 ||| UPGRADING to +0 pair of gloves.
   735 | D:2      | Noticed Terence
   743 | D:2      | Killed Terence
   744 | D:2      | Reached XP level 4. HP: 9/25 MP: 6/6
   744 | D:2      | 744 ||| FLEEEEING.
   745 | D:2      | 745 ||| FLEEEEING.
   746 | D:2      | 746 ||| FLEEEEING.
   747 | D:2      | 747 ||| FLEEEEING.
   748 | D:2      | 748 ||| FLEEEEING.
   749 | D:2      | 749 ||| FLEEEEING.
   751 | D:2      | 751 ||| FLEEEEING.
   752 | D:2      | 752 ||| FLEEEEING.
   753 | D:2      | 753 ||| FLEEEEING.
   754 | D:2      | 754 ||| FLEEEEING.
   756 | D:2      | 756 ||| STAIRDANCE
   815 | D:2      | 815 ||| STAIRDANCE
  1126 | D:2      | 1126 ||| FLEEEEING.
  1127 | D:2      | 1127 ||| FLEEEEING.
  1399 | D:2      | 1399 ||| UPGRADING to +0 cloak.
  1404 | D:2      | 1404 ||| READING scroll labelled OBRILA LAIQOTE.
  1405 | D:2      | 1405 ||| READING 3 scrolls labelled NIUHIPR HIEHIQ.
  1406 | D:2      | 1406 ||| READING scroll labelled ZAHOSOAWEM.
  1407 | D:2      | 1407 ||| DRINKING 2 fuming ruby potions.
  1443 | D:2      | 1443 ||| READING 2 scrolls of identify.
  1443 | D:2      | 1443 ||| IDENTIFYING bubbling coppery potion
  1444 | D:2      | 1444 ||| DROPPING potion of magic.
  1445 | D:2      | 1445 ||| DROPPING potion of lignification.
  1473 | D:3      | Reached skill level 8 in Ranged Weapons
  1480 | D:3      | Noticed Grinder
  1481 | D:3      | 1481 ||| Stepping ~*~*~tactically~*~*~ (outnumbered).
  1490 | D:3      | 1490 ||| STAIRDANCE
  1493 | D:2      | HP: 6/25 [Grinder (5)]
  1494 | D:2      | Killed from afar by Grinder

Levels and vault maps discovered:
D:1:      roderic_dead_forest, layout_loops_ring
D:2:      layout_loops_cross, minmay_gold_behind_fungi,
          chequers_serial_rivers_micro_b, uniq_terence
D:3:      layout_loops_ring, shapermc_ecumenical_altar_petra, uniq_grinder,
          uniq_sigmund

Skill      XL: |  1  2  3  4 |
---------------+-------------+-----
Ranged Weapons | 6 7 8 |  8.0
Fighting       | |  1.5
Dodging        | |  2.4
Stealth        | |  1.2

Action                     |  1- 3 |  4- 6 || total
---------------------------+-------+-------++-------
   Fire: Shortbow          |   104 |    70 ||   174
    Use: Scroll            |     2 |     4 ||     6
         Potion            |       |     1 ||     1
 Armour: Leather armour    |     5 |       ||     5
         Ring mail         |     5 |    14 ||    19
  Dodge: Dodged            |    18 |    25 ||    43

Table legend:
 A = Non-vault XP
 B = Vault XP
 C = Vault XP percentage of total XP
 D = Non-vault monster count
 E = Vault monster count
 F = Vault count percentage of total count
                 A         B        C        D         E       F
            +---------+---------+-------+---------+---------+-------
      Total |     125 |      30 |  19.4 |      50 |       1 |   2.0
            +---------+---------+-------+---------+---------+-------
        D:1 |      46 |       0 |   0.0 |      28 |       0 |   0.0
        D:2 |      72 |      30 |  29.4 |      19 |       1 |   5.0
        D:3 |       7 |       0 |   0.0 |       3 |       0 |   0.0
            +---------+---------+-------+---------+---------+-------
